 Seeded DCSS version 0.28-a0-1382-g92835e5c71 (webtiles) character file.

Game seed: 12219887455895637472 (custom seed)

389690 wilfster70 the Sharpshooter (level 23, -19/190 HPs)
             Began as a Gnoll Summoner on Dec 31, 2021.
             Was a High Priest of Ashenzari.
             Killed from afar by a living spell (59 damage)
             ... with a crystal spear
             ... summoned by a walking crystal tome
             ... in a wizard's laboratory on Jan 1, 2022.
             The game lasted 04:04:54 (60487 turns).

wilfster70 the Sharpshooter (Gnoll Summoner)       Turns: 60487, Time: 04:04:55

Health: -19/190    AC: 20    Str: 11      XL:     23   Next: 7%
Magic:  5/46       EV: 29    Int: 34 (36) God:    Ashenzari [*****.]
Gold:   2269       SH:  5    Dex: 12      Spells: 13/60 levels left

rFire   + . .      SeeInvis +     - Unarmed
rCold   + + .      Faith    .   (shield currently unavailable)
rNeg    . . .      Spirit   .   (armour currently unavailable)
rPois   ∞          Reflect  +   (helmet currently unavailable)
rElec   +          Harm     .   (cloak currently unavailable)
rCorr   .          Rampage  .   (gloves currently unavailable)
Will    ++...      Clarity  +   (boots currently unavailable)
Stlth   ++++++....              o - amulet "Behold Eternity" {Reflect rElec rC+ Regen+ Str+3 SH+5, Self, Bglg} (curse)
HPRegen 1.21/turn               G - ring "Burden of Ashenzari" {Will+ Str-3 Int+6 Slay+3, Elem, Comp} (curse)
MPRegen 0.30/turn               y - ring "At What Cost Knowledge?" {*Corrode rF+ rC+ Int+7, Comp, Elem} (curse)

@: storm-form, flying, studying 2 skills
A: cleaving, flying, (fangs 1), strong nose, distributed training
}: 2/15 runes: decaying, gossamer
a: Blinkbolt, End Transformation, Renounce Religion, Curse Item, Shatter the
Chains


You were in a wizard's laboratory.
You worshipped Ashenzari.
Ashenzari was extremely pleased with you.
You were a lightning-filled tempest!
You visited 8 branches of the dungeon, and saw 41 of its levels.
You also visited: Bailey, Gauntlet, Ice Cave and Wizlab.

You collected 6409 gold pieces.
You spent 4140 gold pieces at shops.

Inventory:

Hand Weapons
 a - a +9 demon trident of flaming (melded)
Missiles
 T - 15 javelins (quivered)
Armour
 g - the cursed +2 cloak "Overhang to Understand" (melded) {Elem, Comp}
   (You found it on level 1 of the Dungeon)

   It has a curse which improves the following skills: Elements: Fire Magic, Ice
   Magic, Air Magic and Earth Magic.
   Companions: Summonings and Necromancy.
 k - the +3 pair of gauntlets of War {Slay+5}
   (You found it in a wizard's laboratory)

   Slay:      It affects your accuracy & damage with ranged weapons and melee
   (+5).
 s - the cursed +2 robe of Ashenzari's Fetters (melded) {rC+ rF+, Evo, Self}
   (You found it on level 3 of the Dungeon)

   It has a curse which improves the following skills: Evocations: Evocations.
   Introspection: Fighting and Spellcasting.
 u - the cursed +2 pair of gloves of Panopticon (melded) {Alch, Elem}
   (You found it on level 12 of the Dungeon)

   It has a curse which improves the following skills: Alchemy: Poison Magic and
   Transmutations.
   Elements:  Fire Magic, Ice Magic, Air Magic and Earth Magic.
 P - the cursed +2 pair of boots "Share My Burden" (melded) {Alch, Self}
   (You found it on level 6 of the Lair of Beasts)

   It has a curse which improves the following skills: Alchemy: Poison Magic and
   Transmutations.
   Introspection: Fighting and Spellcasting.
 X - the cursed +0 kite shield of Ashenzari's Repose (melded) {Self, Cun}
   (You found it on level 13 of the Dungeon)

   It has a curse which improves the following skills: Introspection: Fighting
   and Spellcasting.
   Cunning:   Dodging and Stealth.
 Y - the cursed +2 helmet "Disgust of the Cosmos" (melded) {Bglg, Evo}
   (You found it on level 13 of the Dungeon)

   It has a curse which improves the following skills: Beguiling: Conjurations,
   Hexes and Translocations.
   Evocations: Evocations.
Jewellery
 o - the cursed amulet "Behold Eternity" (around neck) {Reflect rElec rC+ Regen+ Str+3 SH+5, Self, Bglg}
   (You bought it in a shop on level 2 of the Vaults)

   [amulet of reflection]

   It reflects blocked missile attacks.
   Str:       It affects your strength (+3).
   rC:        It protects you from cold.
   rElec:     It insulates you from electricity.
   Regen:     It increases your rate of health regeneration.
   SH:        It affects your SH (+5).
   It has a curse which improves the following skills: Introspection: Fighting
   and Spellcasting.
   Beguiling: Conjurations, Hexes and Translocations.
 y - the cursed ring "At What Cost Knowledge?" (right fist) {*Corrode rF+ rC+ Int+7, Comp, Elem}
   (You bought it in a shop on level 3 of the Vaults)

   [ring of protection from fire]

   Int:       It affects your intelligence (+7).
   rF:        It protects you from fire.
   rC:        It protects you from cold.
   *Corrode:  It may corrode you when you take damage.
   It has a curse which improves the following skills: Companions: Summonings
   and Necromancy.
   Elements:  Fire Magic, Ice Magic, Air Magic and Earth Magic.
 G - the cursed ring "Burden of Ashenzari" (left fist) {Will+ Str-3 Int+6 Slay+3, Elem, Comp}
   (You found it on level 10 of the Dungeon)

   [ring of willpower]

   Str:       It affects your strength (-3).
   Int:       It affects your intelligence (+6).
   Slay:      It affects your accuracy & damage with ranged weapons and melee
   (+3).
   Will:      It increases your willpower.
   It has a curse which improves the following skills: Elements: Fire Magic, Ice
   Magic, Air Magic and Earth Magic.
   Companions: Summonings and Necromancy.
Wands
 d - a wand of polymorph (17)
 q - a wand of digging (39)
 r - a wand of acid (43)
 t - a wand of mindburst (33)
 K - a wand of paralysis (6)
 L - a wand of iceblast (46)
 S - a wand of charming (12)
Scrolls
 c - 11 scrolls of fog
 l - 2 scrolls of summoning
 n - 4 scrolls of magic mapping
 v - 7 scrolls of enchant weapon
 A - 10 scrolls of teleportation
 B - 4 scrolls of silence
 E - 6 scrolls of fear
 H - 3 scrolls of amnesia
 I - 5 scrolls of blinking
 Q - 2 scrolls of enchant armour
 U - 2 scrolls of holy word
Potions
 b - 2 potions of berserk rage
 e - a potion of heal wounds
 f - 7 potions of lignification
 h - 8 potions of brilliance
 i - 2 potions of cancellation
 j - 20 potions of curing
 m - 4 potions of mutation
 p - 4 potions of ambrosia
 x - 8 potions of flight
 C - 10 potions of might
 D - 12 potions of haste
 J - 5 potions of invisibility
 M - 2 potions of magic
 O - 2 potions of resistance
Miscellaneous
 w - a tin of tremorstones (2/2)
 N - a phantom mirror
 R - a phantom mirror
 W - a condenser vane


   Skills:
 + Level 15.4(18.0) Fighting
 + Level 15.4 Short Blades
 + Level 15.4 Long Blades
 + Level 15.4 Axes
 + Level 15.4 Maces & Flails
 + Level 15.4 Polearms
 + Level 15.4 Staves
 + Level 15.4 Slings
 + Level 15.4 Bows
 + Level 19.9 Crossbows
 + Level 15.4 Throwing
 + Level 15.4 Armour
 + Level 16.0 Dodging
 + Level 16.0 Stealth
 + Level 15.4 Shields
 + Level 15.4 Unarmed Combat
 + Level 16.4(19.0) Spellcasting
 + Level 13.1(15.8) Conjurations
 + Level 13.1(15.8) Hexes
 + Level 14.8(18.9) Summonings
 + Level 13.1(17.2) Necromancy
 + Level 13.1(15.8) Translocations
 + Level 13.1 Transmutations
 + Level 13.1(17.2) Fire Magic
 + Level 13.1(17.2) Ice Magic
 + Level 13.1(17.2) Air Magic
 + Level 13.1(17.2) Earth Magic
 + Level 13.1 Poison Magic
 + Level 16.7 Invocations
 + Level 15.4 Evocations


You had 13 spell levels left.
You knew the following spells:

 Your Spells              Type           Power      Damage    Failure   Level
a - Statue Form           Tmut/Erth      62%        N/A       1%          6
b - Summon Hydra          Summ           51%        N/A       1%          7
c - Blink                 Tloc           100%       N/A       0%          2
d - Summon Horrible Thin  Summ           51%        N/A       3%          8
e - Malign Gateway        Summ/Tloc      50%        N/A       1%          7
f - Manifold Assault      Tloc           96%        N/A       1%          5
g - Storm Form            Tmut/Air       47%        N/A       1%          7
h - Summon Mana Viper     Hex/Summ       100%       N/A       1%          5

Your spell library contained the following spells:

 Spells                   Type           Power      Damage    Failure   Level
 Animate Skeleton         Necr           100%       N/A       0%          1
 Apportation              Tloc           100%       N/A       0%          1
 Beastly Appendage        Tmut           100%       N/A       0%          1
 Freeze                   Ice            100%       1d11      0%          1
 Pain                     Necr           100%       1d9       0%          1
 Slow                     Hex            100%       N/A       0%          1
 Sting                    Tmut/Pois      100%       1d8       0%          1
 Summon Small Mammal      Summ           100%       N/A       0%          1
 Call Imp                 Summ           100%       N/A       0%          2
 Corpse Rot               Necr/Air       100%       N/A       0%          2
 Ensorcelled Hibernation  Hex/Ice        100%       N/A       0%          2
 Poisonous Vapours        Pois/Air       100%       N/A       0%          2
 Sublimation of Blood     Necr           99%        N/A       0%          2
 Wereblood                Tmut           89%        N/A       0%          2
 Call Canine Familiar     Summ           100%       N/A       0%          3
 Confusing Touch          Hex            96%        N/A       0%          3
 Dazzling Flash           Conj/Hex       100%       N/A       0%          3
 Frozen Ramparts          Ice            100%       1d12      0%          3
 Gell's Gravitas          Tloc           96%        N/A       0%          3
 Ignite Poison            Fire/Tmut/Pois 92%        N/A       0%          3
 Lesser Beckoning         Tloc           96%        N/A       0%          3
 Mephitic Cloud           Conj/Pois/Air  95%        N/A       0%          3
 Spider Form              Tmut/Pois      89%        N/A       0%          3
 Summon Guardian Golem    Hex/Summ       100%       N/A       0%          3
 Teleport Other           Tloc           96%        N/A       0%          3
 Tukima's Dance           Hex            96%        N/A       0%          3
 Vampiric Draining        Necr           99%        2d13      0%          3
 Airstrike                Air            49%        N/A       0%          4
 Cause Fear               Hex            48%        N/A       0%          4
 Dispel Undead            Necr           99%        3d31      0%          4
 Fulminant Prism          Conj/Hex       48%        3d21      0%          4
 Hailstorm                Conj/Ice       98%        3d19      0%          4
 Iskenderun's Mystic Bla  Conj/Tloc      96%        2d19      0%          4
 Leda's Liquefaction      Hex/Erth       49%        N/A       0%          4
 Passage of Golubria      Tloc           96%        N/A       0%          4
 Summon Lightning Spire   Summ/Air       100%       N/A       0%          4
 Olgreb's Toxic Radiance  Pois           89%        N/A       1%          4
 Petrify                  Tmut/Erth      94%        N/A       1%          4
 Blade Hands              Tmut           44%        N/A       1%          5
 Excruciating Wounds      Necr           49%        N/A       1%          5
 Fireball                 Conj/Fire      49%        3d19      1%          5
 Freezing Cloud           Conj/Ice/Air   49%        6-21      1%          5
 Irradiate                Conj/Tmut      46%        3d29      1%          5
 Lee's Rapid Deconstruct  Erth           49%        3d24*     1%          5
 Silence                  Hex/Air        49%        N/A       1%          5
 Summon Forest            Summ/Tloc      50%        N/A       1%          5
 Yara's Violent Unravell  Hex/Tmut       46%        3d18      1%          5
 Death Channel            Necr           49%        N/A       1%          6
 Eringya's Noxious Bog    Tmut/Pois      44%        N/A       1%          6
 Starburst                Conj/Fire      49%        6d13      1%          6
 Summon Cactus Giant      Summ           51%        N/A       1%          6
 Enfeeble                 Hex            48%        N/A       1%          7
 Haunt                    Necr/Summ      50%        N/A       1%          7
 Dragon Form              Tmut           44%        N/A       4%          7
 Infestation              Necr           49%        N/A       6%          8
 Maxwell's Capacitive Co  Air            49%        ∞         6%          8
 Necromutation            Tmut/Necr      47%        N/A       14%         8
 Chain Lightning          Conj/Air       49%        3d65      77%         9


Dungeon Overview and Level Annotations

Branches:
Dungeon (15/15)            Temple (0/1) D:7            Lair (6/6) D:8
  Swamp (4/4) Lair:2       Spider (4/4) Lair:4        Slime (0/5) Lair:5
    Orc (2/2) D:12            Elf (0/3) Orc:2        Vaults (4/5) D:13
  Crypt (3/3) Vaults:3       Tomb (0/3) Crypt:3      Depths (3/4) D:15
 Bailey (visited)           IceCv (visited)          WizLab (1/1)
Gauntlet (visited)

Altars:
Ashenzari
Elyvilon
Fedhas
Kikubaaqudgha
Makhleb
Okawaru
Qazlal
Sif Muna
Trog
Uskayaw
Vehumet
Wu Jian
Yredelemnul
Beogh
Jiyva

Shops:
D:11 *:   Orc:2 ?*[!**   Vaults:2 **:=   Vaults:3 =

Portals:
Hell: Depths:1 Depths:2
Pandemonium: Depths:2
Ziggurat: Depths:1

Annotations:
D:7 3 runed translucent doors, exclusion: 3 doors, benappo's ghost, novice DrWr
Lair:5 exclusion: oklob plant


Innate Abilities, Weirdness & Mutations

You are a lightning-filled tempest!
Your electrical attacks strike out in all directions at once.
You are incredibly evasive.
You are flying.
You are immune to poison.
Your armour is entirely melded.
You are incapable of wielding weapons or throwing items.
((You have very sharp teeth.))
Your uncanny sense of smell can sniff out nearby items.
Your experience applies equally to all skills.


Message History

You destroy the walking crystal tome!
The walking crystal tome shimmers and vanishes!
Wilfster70's illusion hits you but does no damage.
The +1 longbow of freezing shoots an arrow.
The arrow barely misses you.
The arrow misses the rakshasa.
You blast wilfster70's illusion!!!
Wilfster70's illusion is almost dead.
You hit the four-headed hydra but do no damage.
You closely miss the rakshasa.
You hit the +1 longbow of freezing but do no damage.
The four-headed hydra disappears in a puff of smoke!
The rakshasa weaves an illusion.
The walking crystal tome shimmers and seems to become two!
The living spell casts itself at you. The crystal spear hits you!!
The rakshasa hits you with a +0 long sword!
Wilfster70's illusion mumbles some strange words.
You batter wilfster70's illusion!!
You kill wilfster70's illusion!
Wilfster70's illusion shimmers and vanishes!
The large abomination disappears in a puff of smoke! x4
You batter the rakshasa!! You batter the +1 longbow of freezing!!
The +1 longbow of freezing hits you!!
The rakshasa weaves an illusion.
The walking crystal tome shimmers and seems to become two!
The walking crystal tome erupts in a flurry of living spells!
The rakshasa weaves an illusion.
The walking crystal tome shimmers and seems to become two!
The +2 trident of holy wrath hits you!
The walking crystal tome erupts in a flurry of living spells!
The +1 longbow of freezing shoots an arrow.
The arrow hits you. The living spell casts itself at you.
The crystal spear hits you!!!
* * * LOW HITPOINT WARNING * * *
The +2 trident of holy wrath hits you but does no damage.
The walking crystal tome misses you. The living spell casts itself at you.
The crystal spear hits you!!!
You die...

####### ########
######## ** *
################### **
###*[;([#############
**,, *
*###*;;;§######...####
** , *
....§..vR..##.....###
,,,**
...**§(*...)).##...##
** ,*
,,###....R###.).##..###
, ####...#####....)####
* ###.#####..#..#### *
* ,,***##.8.
####...##### * ,,
##..*. ####..###### ,
*##..⌠│ ###...##### ,
##.... ###..#####


You could see 4 walking crystal tomes, a strange machine, 2 rakshasas, 2 dancing
weapons and 5 living crystal spells.

Vanquished Creatures
  A bone dragon (Crypt:3)
  Jorgrun (Orc:1)
  2 tentacled monstrosities
  Rupert (D:15)
  An acid blob (Spider:4)
  An ancient champion (Crypt:1)
  A sphinx (Vaults:4)
  A tengu reaver (Depths:2)
  Roxanne (Swamp:1)
  A fire giant (Depths:2)
  A draconian knight (IceCv)
  4 vault wardens
  2 frost giants (Depths:2)
  2 ghost moths (Spider:4)
  2 ghouls (Swamp:2)
  7 ironbound preservers
  A juggernaut zombie (Crypt:3)
  A spriggan defender (Depths:2)
  A spectral caustic shrike (Depths:1)
  A broodmother (Spider:1)
  2 juggernaut skeletons (Crypt:3)
  A reaper (Depths:2)
  3 very ugly things
  2 war gargoyles
  3 ironbound thunderhulks
  A stone giant (Depths:2)
  3 vampire knights
  5 entropy weavers
  A minotaur (Gauntlet)
  A bunyip (Swamp:1)
  7 dire elephants
  3 spark wasps
  The ghost of Besadwos the Slinger, a journeyman OpHu of Okawaru (Lair:5)
  An eidolon (Crypt:1)
  Snorg (D:12)
  3 white draconians (IceCv)
  2 crystal guardians (Crypt:3)
  6 jiangshi
  4 ettins
  3 fire dragons
  2 great orbs of eyes
  2 ice dragons (Depths:2)
  3 yaktaur captains
  3 rakshasas (WizLab)
  A spriggan zombie (Crypt:1)
  2 jorogumos
  8 hydras
  A spriggan air mage (Swamp:4)
  A vault guard (D:13)
  5 centaur warriors
  4 boulder beetles
  2 ironbound frosthearts
  Erica (Lair:2)
  A death knight (Crypt:1)
  2 two-headed ogres
  2 deep troll shamans
  2 alligators
  The ghost of benappo the Fighter, a novice DsGl of Makhleb (Lair:1)
  A death scarab (Spider:3)
  5 dancing weapons
  5 deep troll earth magi
  A vampire mage (Crypt:1)
  A tengu warrior (Depths:3)
  A hell knight (Crypt:3)
  3 death yaks (Lair:5)
  A spriggan berserker (Depths:2)
  3 skeletal warriors (Crypt:3)
  4 pharaoh ants
  A spark wasp zombie (Crypt:1)
  A sixfirhy (Depths:2)
  4 iron trolls
  A titan skeleton (Crypt:3)
  2 goliath frogs (Swamp:1)
  A swamp dragon (Lair:6)
  5 bog bodies
  2 steelbarb worms
  3 glowing orange brains
  3 orb spiders
  29 deep trolls
  An orange crystal statue (IceCv)
  4 wizards
  5 necromancers
  3 lindwurms
  6 ironbound convokers
  4 orc knights
  An oklob plant (Spider:4)
  A phantasmal warrior (D:11)
  An iron dragon zombie (Crypt:3)
  3 deep elf pyromancers
  10 ugly things
  A salamander (D:15)
  3 manticores
  3 spectral spriggans (Swamp:2)
  A moth of wrath (shapeshifter) (Vaults:3)
  12 wolf spiders
  A moth of wrath (Spider:1)
  A stone giant skeleton (Depths:2)
  A will-o-the-wisp (Swamp:4)
  3 cyclopes
  4 nameless horrors
  A fire giant zombie (Depths:2)
  6 elephants (Lair:4)
  Maurice (D:11)
  An ice statue (Spider:3)
  A frost giant skeleton (Depths:2)
  2 black mambas
  2 centaur zombies
  6 torpor snails
  5 vault sentinels
  A minotaur zombie (Gauntlet)
  4 cane toads
  5 storm dragon simulacra (IceCv)
  2 gargoyles (D:13)
  An unseen horror (D:11)
  9 demonic crawlers
  An unseen horror (shapeshifter) (D:15)
  6 komodo dragons
  A centaur skeleton (Crypt:3)
  2 tengu conjurers
  15 yaktaurs
  2 efreet (D:15)
  5 freezing wraiths
  An iron troll skeleton (Crypt:2)
  A purple draconian skeleton (Crypt:1)
  8 meliai
  A bloated husk (Swamp:1)
  10 hornets
  A queen bee (Spider:1)
  4 trolls
  A harpy zombie (Crypt:2)
  10 tyrant leeches
  A polar bear (Lair:4)
  15 tarantellas
  11 slime creatures
  12 blink frogs
  A harpy skeleton (Crypt:1)
  5 dream sheep (Lair:6)
  18 jumping spiders
  6 wraiths
  A centaur simulacrum (Crypt:1)
  20 flying skulls
  A human simulacrum (Crypt:2)
  4 culicivoras (Spider:1)
  2 vampires
  A water elemental (Depths:1)
  7 humans (D:13)
  26 yaks
  3 basilisks
  4 wyverns
  A neqoxec (Gauntlet)
  11 vampire mosquitoes
  15 redbacks
  2 chaos spawn (Depths:2)
  6 acid dragons
  A warg (Orc:1)
  4 swamp worms
  7 water moccasins
  A water nymph skeleton (Crypt:2)
  2 floating eyes
  A two-headed ogre skeleton (Crypt:1)
  5 swamp drakes
  37 orc warriors
  A sky beast (D:8)
  4 black bears (Lair:3)
  An ice beast (D:8)
  2 ice dragon simulacra (IceCv)
  3 necrophages
  4 ogres
  18 centaurs
  3 small abominations (D:12)
  6 kobold brigands
  11 bullfrogs
  A glowing shapeshifter simulacrum (Vaults:4)
  A gnoll sergeant (D:12)
  4 lindwurm simulacra (IceCv)
  11 killer bees (Spider:1)
  A wight (D:8)
  2 electric eels
  6 orc priests
  2 iguanas (Lair:6)
  15 orc wizards
  A howler monkey zombie (D:10)
  3 gnolls
  An ufetubus (D:6)
  A worm (D:3)
  A dart slug (D:3)
  56 orcs
  2 endoplasms (D:3)
  A goblin (Bailey)
  3 hobgoblins
  9 kobolds
  A frilled lizard (D:3)
  2 frilled lizard skeletons (Crypt:2)
  A rat (D:3)
800 creatures vanquished.

Vanquished Creatures (collateral kills)
  A dread lich (Crypt:3)
  Bai Suzhen (Swamp:4)
  A shard shrike zombie (Crypt:1)
  Mlioglotl (Swamp:4)
  3 tentacled monstrosities
  3 liches
  2 walking frostbound tomes
  A titan (Depths:2)
  3 sphinxes
  A thorn hunter (Swamp:3)
  A storm dragon (Depths:2)
  6 fire giants
  An emperor scorpion (Spider:3)
  4 frost giants
  2 orc warlords
  6 vault wardens
  2 spectral caustic shrikes (Depths:1)
  2 ghouls
  3 war gargoyles (Crypt:3)
  5 very ugly things
  10 ironbound preservers
  2 stone giants
  2 ironbound thunderhulks
  A caustic shrike skeleton (Crypt:2)
  2 vampire knights
  3 eleionomae
  An entropy weaver (Vaults:4)
  A white draconian (IceCv)
  6 bunyips
  8 dire elephants
  5 ettins
  2 shambling mangroves (Swamp:4)
  2 crystal guardians
  A jiangshi (Crypt:2)
  5 fire dragons
  4 great orbs of eyes
  A spriggan zombie (Crypt:2)
  8 yaktaur captains
  17 hydras
  Harold (D:10)
  A fenstrider witch zombie (Crypt:3)
  2 vault guards
  3 ice dragons
  2 boulder beetles
  4 ghost crabs
  A peacekeeper (Vaults:3)
  A quicksilver dragon skeleton (Crypt:3)
  6 ironbound frosthearts
  5 rakshasas
  4 centaur warriors
  2 two-headed ogres
  4 spriggan air magi
  3 alligators
  5 deep troll earth magi
  6 dancing weapons
  A death knight (Crypt:2)
  2 tengu warriors
  4 death yaks
  3 deep troll shamans
  2 vampire magi (Crypt:2)
  Urug (D:11)
  A spriggan berserker (Swamp:2)
  5 hell knights (Crypt:3)
  4 spriggans
  6 iron trolls
  A pharaoh ant (Spider:3)
  A spriggan druid (Swamp:2)
  A storm dragon skeleton (Crypt:3)
  A sixfirhy (Depths:2)
  7 goliath frogs
  9 skeletal warriors
  4 orb spiders
  7 bog bodies
  35 deep trolls
  A spriggan simulacrum (Crypt:2)
  12 swamp dragons
  12 lindwurms (Vaults:1)
  2 wizards
  12 ironbound convokers
  2 orc knights (Vaults:2)
  3 manticores
  5 necromancers
  3 wolf spiders
  6 spectral spriggans (Swamp:2)
  2 cyclopes (D:14)
  14 ugly things
  3 will-o-the-wisps
  A frost giant skeleton (Depths:2)
  A moth of wrath (Spider:3)
  2 torpor snails
  16 vault sentinels
  4 storm dragon simulacra (IceCv)
  3 cane toads (Lair:3)
  A kobold demonologist (D:14)
  A dire elephant skeleton (Crypt:3)
  Psyche (D:8)
  2 demonic crawlers
  5 komodo dragons
  2 tengu conjurers (Depths:1)
  An alligator snapping turtle skeleton (Crypt:1)
  2 rime drakes
  3 freezing wraiths (Crypt:1)
  14 yaktaurs
  2 golden dragon simulacra (IceCv)
  A troll (shapeshifter) (D:10)
  A hydra zombie (Crypt:1)
  A meliai (Spider:2)
  A bloated husk (Swamp:3)
  12 hornets
  8 tarantellas
  11 blink frogs
  2 spectral guardian serpents (Crypt:2)
  A hydra skeleton (Crypt:2)
  A meliai (shapeshifter) (D:10)
  A troll (D:11)
  Grinder (D:4)
  5 tyrant leeches
  10 slime creatures
  2 fire dragon zombies (Crypt:3)
  7 jumping spiders
  A culicivora (Spider:3)
  16 flying skulls
  A water elemental (Depths:1)
  25 yaks
  A shadow (D:12)
  2 wyverns
  A vampire (D:11)
  5 wraiths
  A black mamba zombie (Crypt:3)
  A chaos spawn (Gauntlet)
  A basilisk (D:9)
  2 humans (D:13)
  6 vampire mosquitoes
  13 redbacks
  2 steam dragons
  Menkaure (D:4)
  A naga zombie (Crypt:3)
  Edmund (D:6)
  11 swamp worms
  7 acid dragons
  4 water moccasins
  A naga skeleton (Crypt:2)
  3 orc warriors
  2 ice beasts
  A sky beast (D:7)
  2 swamp drakes (Swamp:4)
  4 black bears
  2 ice dragon simulacra (IceCv)
  5 centaurs
  A swamp dragon skeleton (Crypt:1)
  2 lemures
  3 kobold brigands
  A gnoll sergeant (D:7)
  A bullfrog (Lair:1)
  A palentonga skeleton (Crypt:2)
  3 scorpions
  A wyvern skeleton (D:7)
  2 lindwurm simulacra (IceCv)
  9 wights
  4 howler monkeys
  A centaur zombie (D:9)
  A jelly (D:5)
  2 bullfrog skeletons
  A gnoll shaman (D:10)
  An orc priest (D:11)
  3 centaur skeletons
  4 hounds
  4 iguanas
  6 orc wizards
  Natasha (thrice) (D:4)
  2 nameless horrors
  A hound skeleton (D:5)
  12 gnolls
  10 adders
  A steam dragon skeleton (Crypt:1)
  A white imp (D:5)
  An ufetubus (D:6)
  An iguana zombie (Crypt:2)
  3 dart slugs
  31 orcs
  6 ball pythons
  11 endoplasms
  2 giant cockroaches
  8 goblins
  8 hobgoblins
  4 quokkas
  7 bats
  5 frilled lizards
  23 kobolds
  3 rats
  A briar patch (Swamp:3)
796 creatures vanquished.

Vanquished Creatures (others)
  7 eldritch tentacles
  A strange machine (WizLab)
  A fire giant (Depths:1)
  A vampire knight (Crypt:3)
  A white draconian (IceCv)
  Josephine (D:12)
  A vault guard (D:13)
  A hydra (D:11)
  An ice dragon (Depths:1)
  A boulder beetle (D:11)
  A death knight (D:11)
  2 two-headed ogres (D:8)
  A skeletal warrior (Crypt:3)
  A goliath frog (Swamp:1)
  A deep troll (Depths:1)
  2 orb spiders (Spider:4)
  Pikel (D:3)
  2 will-o-the-wisps (Swamp:2)
  A cane toad (Lair:1)
  Maggie (D:8)
  3 bloated husks (Swamp:2)
  A troll (D:8)
  2 tarantellas (Spider:3)
  A slime creature (Vaults:1)
  A shadow (D:11)
  2 yaks
  A water moccasin (D:5)
  A swamp drake (Swamp:4)
  2 orc warriors
  A black bear (D:5)
  4 centaurs
  A gnoll sergeant (D:9)
  An orc (D:9)
  A hobgoblin (D:3)
  3 briar patches (Swamp:3)
  15 foxfires
  27 fungi
  45 plants
  2 starspawn tentacles (Swamp:4)
143 creatures vanquished.

Grand Total: 1739 creatures vanquished

Notes
Turn   | Place    | Note
-------+----------+-------------------------------------------
     0 | D:1      | wilfster70 the Gnoll Summoner began the quest for the Orb.
     0 | D:1      | Reached XP level 1. HP: 13/13 MP: 6/6
   244 | D:1      | Reached XP level 2. HP: 19/19 MP: 7/7
   247 | D:1      | Learned a level 2 spell: Call Imp
   250 | D:1      | Learned a level 2 spell: Blink
   618 | D:1      | Reached XP level 3. HP: 25/25 MP: 9/9
   656 | D:1      | Reached skill level 5 in Spellcasting
   697 | D:1      | Found a faded altar of an unknown god.
  1013 | D:1      | Learned a level 3 spell: Call Canine Familiar
  1166 | D:2      | Reached skill level 1 in Invocations
  1277 | D:2      | Reached skill level 1 in Fighting
  1277 | D:2      | Reached skill level 1 in Short Blades
  1277 | D:2      | Reached skill level 1 in Long Blades
  1277 | D:2      | Reached skill level 1 in Axes
  1277 | D:2      | Reached skill level 1 in Maces & Flails
  1277 | D:2      | Reached skill level 1 in Polearms
  1277 | D:2      | Reached skill level 1 in Staves
  1277 | D:2      | Reached skill level 1 in Slings
  1277 | D:2      | Reached skill level 1 in Bows
  1277 | D:2      | Reached skill level 1 in Crossbows
  1277 | D:2      | Reached skill level 1 in Throwing
  1277 | D:2      | Reached skill level 1 in Armour
  1277 | D:2      | Reached skill level 1 in Shields
  1277 | D:2      | Reached skill level 1 in Unarmed Combat
  1277 | D:2      | Reached skill level 1 in Evocations
  1277 | D:2      | Reached XP level 4. HP: 32/32 MP: 9/11
  1747 | D:2      | Learned a level 3 spell: Summon Guardian Golem
  1837 | D:2      | Reached skill level 1 in Conjurations
  1837 | D:2      | Reached skill level 1 in Hexes
  1837 | D:2      | Reached skill level 1 in Necromancy
  1837 | D:2      | Reached skill level 1 in Translocations
  1837 | D:2      | Reached skill level 1 in Transmutations
  1837 | D:2      | Reached skill level 1 in Fire Magic
  1837 | D:2      | Reached skill level 1 in Ice Magic
  1837 | D:2      | Reached skill level 1 in Air Magic
  1837 | D:2      | Reached skill level 1 in Earth Magic
  1837 | D:2      | Reached skill level 1 in Poison Magic
  2227 | D:3      | Reached XP level 5. HP: 28/37 MP: 5/12
  2470 | D:3      | Found a basalt altar of Yredelemnul.
  2926 | D:3      | Found a burning altar of Makhleb.
  3303 | D:4      | Reached XP level 6. HP: 36/44 MP: 11/13
  3303 | D:4      | Noticed a necrophage
  3332 | D:4      | Killed a necrophage
  3333 | D:4      | Reached skill level 2 in Crossbows
  3333 | D:4      | Reached skill level 5 in Dodging
  3344 | D:4      | Learned a level 4 spell: Summon Lightning Spire
  3389 | D:4      | Noticed Grinder
  3419 | D:4      | Paralysed by Grinder for 7 turns
  3433 | D:4      | Killed Grinder
  3434 | D:4      | Reached XP level 7. HP: 50/51 MP: 12/15
  3458 | D:4      | Noticed Menkaure
  3470 | D:4      | Killed Menkaure
  3970 | D:4      | Found a broken altar of Ashenzari.
  3979 | D:4      | Became a worshipper of Ashenzari the Shackled
  4068 | D:4      | Reached skill level 5 in Stealth
  4132 | D:4      | Noticed Pikel
  4254 | D:3      | Killed Pikel
  4255 | D:3      | Reached skill level 3 in Crossbows
  4255 | D:3      | Reached XP level 8. HP: 58/58 MP: 9/17
  4398 | D:4      | Noticed Natasha
  4410 | D:4      | Killed Natasha
  4486 | D:5      | Entered Level 5 of the Dungeon
  4879 | D:4      | Noticed Natasha
  5067 | D:4      | Killed Natasha
  5080 | D:4      | Noticed Natasha
  5091 | D:4      | Killed Natasha
  5964 | D:5      | Learned a level 5 spell: Manifold Assault
  6020 | D:5      | Reached XP level 9. HP: 65/65 MP: 19/19
  6151 | D:5      | Found an ornate altar of the Wu Jian Council.
  6311 | D:6      | Found a blossoming altar of Fedhas.
  6382 | D:6      | Noticed Edmund
  6457 | D:6      | Killed Edmund
  6458 | D:6      | Reached skill level 4 in Crossbows
  6918 | D:6      | Reached * piety under Ashenzari
  7450 | D:7      | Found a shimmering blue altar of Sif Muna.
  7532 | D:7      | Reached skill level 5 in Invocations
  7647 | D:7      | Found a runed translucent gate.
  7662 | D:7      | Found a runed translucent gate.
  7795 | D:7      | Found a staircase to the Ecumenical Temple.
  8276 | D:7      | Reached XP level 10. HP: 73/76 MP: 9/22
  8356 | D:7      | Found a runed translucent gate.
  8358 | D:7      | Identified the +11 falchion "Puon Tai" {venom, rN+ Will+
                  | Int-2 SInv}
  8359 | D:7      | Noticed benappo's ghost (novice DrWr)
  8359 | D:7      | Found the +5 sword of Power {vorpal}
  8372 | D:7      | Reached ** piety under Ashenzari
  8381 | D:7      | Learned a level 7 spell: Storm Form
  8884 | D:8      | Noticed a death yak
  8884 | D:8      | Noticed a two-headed ogre
  8891 | D:8      | Noticed a death yak
  8891 | D:8      | Noticed a death yak
  8892 | D:8      | Found a staircase to the Lair.
  8929 | D:8      | Noticed Maggie
  9228 | D:8      | Reached skill level 5 in Fighting
  9228 | D:8      | Reached skill level 5 in Short Blades
  9228 | D:8      | Reached skill level 5 in Long Blades
  9228 | D:8      | Reached skill level 5 in Axes
  9228 | D:8      | Reached skill level 5 in Maces & Flails
  9228 | D:8      | Reached skill level 5 in Polearms
  9228 | D:8      | Reached skill level 5 in Staves
  9228 | D:8      | Reached skill level 5 in Slings
  9228 | D:8      | Reached skill level 5 in Bows
  9228 | D:8      | Reached skill level 5 in Crossbows
  9228 | D:8      | Reached skill level 5 in Throwing
  9228 | D:8      | Reached skill level 5 in Armour
  9228 | D:8      | Reached skill level 5 in Shields
  9228 | D:8      | Reached skill level 5 in Unarmed Combat
  9228 | D:8      | Reached skill level 5 in Evocations
  9251 | D:8      | Killed Maggie
  9400 | D:8      | Noticed Psyche
  9406 | D:8      | Noticed a two-headed ogre
  9409 | D:8      | Killed Psyche
  9414 | D:8      | Killed a two-headed ogre
  9556 | D:8      | Found an ancient bone altar of Kikubaaqudgha.
  9683 | D:8      | Killed a two-headed ogre
  9693 | D:8      | Found an iron altar of Okawaru.
  9895 | D:8      | Killed a death yak
  9896 | D:8      | Reached XP level 11. HP: 84/84 MP: 18/24
 10005 | D:8      | Killed a death yak
 10016 | D:8      | Reached skill level 6 in Crossbows
 10033 | D:8      | Reached skill level 5 in Conjurations
 10033 | D:8      | Reached skill level 5 in Hexes
 10033 | D:8      | Reached skill level 5 in Necromancy
 10033 | D:8      | Reached skill level 5 in Translocations
 10033 | D:8      | Reached skill level 5 in Transmutations
 10033 | D:8      | Reached skill level 5 in Fire Magic
 10033 | D:8      | Reached skill level 5 in Ice Magic
 10033 | D:8      | Reached skill level 5 in Air Magic
 10033 | D:8      | Reached skill level 5 in Earth Magic
 10033 | D:8      | Reached skill level 5 in Poison Magic
 10038 | D:8      | Killed a death yak
 10467 | D:9      | Found a flagged portal.
 10523 | Bailey   | Entered a bailey
 10549 | Bailey   | Noticed an orc warlord
 10549 | Bailey   | Identified a scroll of acquirement
 10578 | Bailey   | Reached *** piety under Ashenzari
 10652 | Bailey   | Noticed an orc knight
 10782 | Bailey   | Found a runed translucent gate.
 10782 | Bailey   | Found a runed translucent gate.
 10799 | Bailey   | Found a runed translucent gate.
 10857 | Bailey   | Killed an orc knight
 11002 | Bailey   | Killed an orc warlord
 11050 | Bailey   | Acquired 904 gold pieces
 11196 | D:9      | Found a hide-covered altar of Uskayaw.
 11705 | D:9      | Reached **** piety under Ashenzari
 11991 | D:10     | Entered Level 10 of the Dungeon
 12019 | D:10     | Identified the ring of Qiseomom {Will+ Str-3 Int+6 Slay+3}
 12039 | D:10     | Noticed a rakshasa
 12058 | D:10     | Killed a rakshasa
 12093 | D:10     | Noticed Harold
 12127 | D:10     | Killed Harold
 12136 | D:10     | Reached XP level 12. HP: 75/98 MP: 17/28
 12694 | D:10     | Reached skill level 7 in Crossbows
 13156 | D:11     | Found Adud's Book Shoppe.
 13199 | D:11     | Noticed a two-headed ogre
 13202 | D:11     | Killed a two-headed ogre
 13214 | D:11     | Noticed a six-headed hydra
 13266 | D:11     | Killed a six-headed hydra
 13878 | D:11     | Noticed Urug
 13888 | D:11     | Killed Urug
 14029 | D:11     | Noticed a boulder beetle
 14049 | D:11     | Killed a boulder beetle
 14255 | D:11     | Noticed a two-headed ogre
 14297 | D:11     | Killed a two-headed ogre
 14321 | D:11     | Found Saiqy's Assorted Antiques.
 14330 | D:11     | Noticed Maurice
 14347 | D:11     | Killed Maurice
 14357 | D:11     | Bought a translucent ring mail for 216 gold pieces
 14357 | D:11     | Identified the +0 ring mail of the Everdark {Rampage *Slow
                  | rC- Will+++} (You bought it in a shop on level 11 of the
                  | Dungeon)
 14392 | D:11     | Noticed a death knight
 14748 | D:11     | Killed a death knight
 15076 | D:11     | Reached XP level 13. HP: 106/106 MP: 28/30
 15695 | D:12     | Noticed Josephine
 15716 | D:12     | Killed Josephine
 15729 | D:12     | Reached skill level 8 in Crossbows
 16015 | Lair:1   | Entered Level 1 of the Lair of Beasts
 16015 | Lair:1   | Found a bloodstained altar of Trog.
 16042 | Lair:1   | Noticed benappo's ghost (novice DsGl)
 16056 | Lair:1   | Found a transporter.
 16060 | Lair:1   | Found a transporter.
 16083 | Lair:1   | Reached ***** piety under Ashenzari
 16096 | Lair:1   | Killed benappo's ghost
 16587 | Lair:1   | Reached skill level 10 in Summonings
 16966 | Lair:2   | Noticed Erica
 16983 | Lair:2   | Killed Erica
 16996 | Lair:2   | Identified the cursed +5 demon trident "Circumscribed With
                  | Me" {Self, Bglg} (You took it off Urug on level 11 of the
                  | Dungeon)
 16996 | Lair:2   | Identified the cursed +2 cloak "Overhang to Understand"
                  | {Elem, Comp} (You found it on level 1 of the Dungeon)
 16996 | Lair:2   | Identified the cursed +2 hat "Restrained Fetters" {Comp,
                  | Fort} (You found it on level 10 of the Dungeon)
 16996 | Lair:2   | Identified the cursed +2 pair of gloves "Prescient
                  | Negation" {infuse, Elem, Melee} (You found it on level 1 of
                  | the Dungeon)
 16996 | Lair:2   | Identified the cursed +1 pair of boots of the Distant Seer
                  | {Bglg, Alch} (You found it on level 5 of the Dungeon)
 16996 | Lair:2   | Identified the cursed +2 robe of Ashenzari's Fetters {rC+
                  | rF+, Evo, Self} (You found it on level 3 of the Dungeon)
 17874 | Lair:2   | Found a staircase to the Swamp.
 18197 | Lair:3   | Reached skill level 9 in Crossbows
 18232 | Lair:3   | Reached skill level 10 in Spellcasting
 18861 | Lair:4   | Found a hole to the Spider Nest.
 19084 | Lair:4   | Reached skill level 10 in Dodging
 19084 | Lair:4   | Reached XP level 14. HP: 120/120 MP: 30/33
 19444 | Lair:4   | Reached skill level 10 in Stealth
 19842 | Lair:4   | Reached skill level 10 in Crossbows
 20216 | Lair:5   | Reached skill level 10 in Invocations
 20272 | Lair:5   | Found a runed translucent door.
 20275 | Lair:5   | Noticed Besadwos's ghost (journeyman OpHu)
 20299 | Lair:5   | Killed Besadwos's ghost
 20330 | Lair:5   | Found a viscous altar of Jiyva.
 20331 | Lair:5   | Found a staircase to the Slime Pits.
 20990 | Lair:6   | Entered Level 6 of the Lair of Beasts
 21479 | Lair:6   | Found a runed translucent door.
 21740 | Lair:6   | Reached skill level 11 in Crossbows
 21940 | Lair:6   | Identified the +3 scale mail of Darkness {rN++}
 22331 | Lair:6   | Reached XP level 15. HP: 111/122 MP: 20/32
 22733 | D:12     | Found a staircase to the Orcish Mines.
 22868 | Orc:1    | Entered Level 1 of the Orcish Mines
 23019 | Orc:1    | Noticed Jorgrun
 23038 | Orc:1    | Killed Jorgrun
 23578 | Orc:2    | Entered Level 2 of the Orcish Mines
 23731 | Orc:2    | Found Difar's General Store.
 23740 | Orc:2    | Found Tuthro's Specific Store.
 23743 | Orc:2    | Found a staircase to the Elven Halls.
 23962 | Orc:2    | Reached skill level 10 in Fighting
 23962 | Orc:2    | Reached skill level 10 in Short Blades
 23962 | Orc:2    | Reached skill level 10 in Long Blades
 23962 | Orc:2    | Reached skill level 10 in Axes
 23962 | Orc:2    | Reached skill level 10 in Maces & Flails
 23962 | Orc:2    | Reached skill level 10 in Polearms
 23962 | Orc:2    | Reached skill level 10 in Staves
 23962 | Orc:2    | Reached skill level 10 in Slings
 23962 | Orc:2    | Reached skill level 10 in Bows
 23962 | Orc:2    | Reached skill level 10 in Throwing
 23962 | Orc:2    | Reached skill level 10 in Armour
 23962 | Orc:2    | Reached skill level 10 in Shields
 23962 | Orc:2    | Reached skill level 10 in Unarmed Combat
 23962 | Orc:2    | Reached skill level 10 in Evocations
 24109 | Orc:2    | Found Onilyz's General Store.
 24109 | Orc:2    | Found Fialih's Antique Armour Shoppe.
 24111 | Orc:2    | Found Tale's Distillery.
 24113 | Orc:2    | Found Setiboegath's Magic Scroll Boutique.
 24179 | Orc:2    | Bought a potion of ambrosia for 112 gold pieces
 25517 | D:12     | Noticed Snorg
 25574 | D:12     | Killed Snorg
 25763 | D:12     | Identified the Volume of Entrancing Battle Magic
 26266 | D:13     | Found a gate leading to a gauntlet.
 26277 | Gauntlet | Entered a Gauntlet
 26277 | Gauntlet | Identified the ring "Guafyrr" {rPois rC+}
 26277 | Gauntlet | Found a transporter.
 26277 | Gauntlet | Found a transporter.
 26277 | Gauntlet | Found a transporter.
 26294 | Gauntlet | Found a transporter.
 26314 | Gauntlet | Found a transporter.
 26330 | Gauntlet | Found a transporter.
 26345 | Gauntlet | Found a transporter.
 26356 | Gauntlet | Identified the ring "Bupp" {Str-3 Int+5 Dex+6}
 26356 | Gauntlet | Found a transporter.
 26497 | Gauntlet | Found a transporter.
 26505 | Gauntlet | Identified the ring "Feikhlodi" {MP+9 Str+6 Dex-3}
 26551 | Gauntlet | Reached skill level 12 in Crossbows
 27184 | D:13     | Found a gate to the Vaults.
 27696 | D:13     | Identified the cursed +2 pair of boots "Share My Burden"
                  | {Alch, Self} (You found it on level 6 of the Lair of
                  | Beasts)
 28288 | D:14     | Reached XP level 16. HP: 141/141 MP: 36/38
 28546 | D:15     | Entered Level 15 of the Dungeon
 28711 | D:15     | Noticed Rupert
 28729 | D:15     | Killed Rupert
 28818 | D:15     | Identified the cursed +0 kite shield of Ashenzari's Repose
                  | {Self, Cun} (You found it on level 13 of the Dungeon)
 29148 | D:15     | Found a staircase to the Depths.
 29517 | D:15     | Reached ****** piety under Ashenzari
 29713 | D:15     | Found a stormy altar of Qazlal.
 29967 | Spider:1 | Entered Level 1 of the Spider Nest
 30048 | Lair:4   | Identified the cursed +2 helmet "Disgust of the Cosmos"
                  | {Bglg, Evo} (You found it on level 13 of the Dungeon)
 30593 | D:11     | Bought the Almanac of Earth and Changing for 442 gold
                  | pieces
 30593 | D:11     | Bought a Grand Grimoire for 578 gold pieces
 30600 | D:11     | Learned a level 6 spell: Statue Form
 31493 | Spider:1 | Reached skill level 13 in Crossbows
 32705 | Spider:2 | Identified the +2 rapier of the Establishment {flame, rC+
                  | Str+2}
 33691 | Spider:3 | Found a frozen archway.
 33722 | IceCv    | Entered an ice cave
 34527 | IceCv    | Identified the ring of the Slug {rPois rC+ Str+4}
 34546 | IceCv    | Identified the ring "Lievu" {rPois Int+6 SInv}
 34574 | IceCv    | HP: 4/183 [white draconian/blast of cold (34)]
 34956 | IceCv    | Identified the +0 ice dragon scales of Elitism {+Inv rF-
                  | rC++ Regen+ rCorr Stlth+}
 34956 | IceCv    | Identified the ring "Tenavab" {Dex+3 SInv}
 35563 | Spider:3 | Reached XP level 17. HP: 148/148 MP: 16/39
 35903 | Spider:3 | Acquired the Grimoire of Warped Flight
 36543 | Spider:3 | Upgraded the game from 0.28-a0-1374-ga75cb3825e to
                  | 0.28-a0-1382-g92835e5c71
 36606 | Spider:4 | Entered Level 4 of the Spider Nest
 37420 | Spider:3 | Reached skill level 14 in Crossbows
 38858 | Spider:4 | Noticed an acid blob
 38876 | Spider:4 | Killed an acid blob
 39965 | Spider:4 | Got a gossamer rune of Zot
 40163 | Swamp:1  | Entered Level 1 of the Swamp
 40190 | Swamp:1  | Reached skill level 10 in Conjurations
 40190 | Swamp:1  | Reached skill level 10 in Hexes
 40190 | Swamp:1  | Reached skill level 10 in Necromancy
 40190 | Swamp:1  | Reached skill level 10 in Translocations
 40190 | Swamp:1  | Reached skill level 10 in Transmutations
 40190 | Swamp:1  | Reached skill level 10 in Fire Magic
 40190 | Swamp:1  | Reached skill level 10 in Ice Magic
 40190 | Swamp:1  | Reached skill level 10 in Air Magic
 40190 | Swamp:1  | Reached skill level 10 in Earth Magic
 40190 | Swamp:1  | Reached skill level 10 in Poison Magic
 40538 | Swamp:1  | Noticed a tentacled monstrosity
 40552 | Swamp:1  | Killed a tentacled monstrosity
 41071 | Swamp:1  | Identified the +6 short sword "Qizxev" {flame, Int+2}
 41081 | Swamp:1  | Noticed Roxanne
 41138 | Swamp:1  | Killed Roxanne
 41358 | Swamp:1  | Learned a level 8 spell: Summon Horrible Things
 41618 | Swamp:1  | Learned a level 7 spell: Summon Hydra
 42065 | Swamp:2  | Noticed a tentacled monstrosity
 42071 | Swamp:2  | Killed a tentacled monstrosity
 42175 | Swamp:2  | Reached XP level 18. HP: 164/164 MP: 37/43
 42354 | Swamp:2  | Reached skill level 15 in Crossbows
 43802 | Swamp:4  | Entered Level 4 of the Swamp
 44119 | Swamp:4  | Noticed a tentacled monstrosity
 44124 | Swamp:4  | Killed a tentacled monstrosity
 44134 | Swamp:4  | Noticed Bai Suzhen
 44142 | Swamp:4  | Killed Bai Suzhen
 44427 | Swamp:4  | Got a decaying rune of Zot
 44482 | Swamp:4  | Noticed Mlioglotl
 44489 | Swamp:4  | Killed Mlioglotl
 44909 | Vaults:1 | Entered Level 1 of the Vaults
 44942 | Vaults:1 | Reached XP level 19. HP: 173/173 MP: 39/45
 45015 | Vaults:1 | Reached skill level 16 in Crossbows
 46967 | Vaults:2 | Found Jauhor's Book Emporium.
 46979 | Vaults:2 | Found Axzit's Assorted Antiques.
 46990 | Vaults:2 | Found Uggotz's Jewellery Shoppe.
 47017 | Vaults:2 | Bought the amulet "Kis Ceq" {Reflect rElec rC+ Regen+ Str+3
                  | SH+5} for 1031 gold pieces
 47039 | Vaults:2 | Bought a scroll of teleportation for 87 gold pieces
 47039 | Vaults:2 | Bought a scroll of teleportation for 87 gold pieces
 47046 | Vaults:2 | Bought a book of the Wilderness for 722 gold pieces
 47053 | Vaults:2 | Learned a level 5 spell: Summon Mana Viper
 48035 | Vaults:2 | Reached XP level 20. HP: 164/186 MP: 16/48
 48037 | Vaults:2 | Reached skill level 17 in Crossbows
 48040 | Vaults:2 | Found Xetac's General Store.
 48944 | Vaults:3 | Found Noureho's Jewellery Emporium.
 48963 | Vaults:3 | Bought the ring "Dupais" {*Corrode rF+ rC+ Int+7} for 865
                  | gold pieces
 50418 | Vaults:3 | Found a staircase to the Crypt.
 50432 | Vaults:3 | Reached skill level 15 in Invocations
 50861 | Vaults:3 | Identified the +5 trident of Vigot {flame, rF++ Will- SInv
                  | Stlth+}
 52196 | Vaults:4 | Reached XP level 21. HP: 143/172 MP: 5/42
 52388 | Vaults:4 | Reached skill level 18 in Crossbows
 52607 | Vaults:4 | Reached skill level 15 in Spellcasting
 52980 | Crypt:1  | Entered Level 1 of the Crypt
 53047 | Crypt:1  | Identified the +0 leather armour of Ephema {rElec}
 53963 | Crypt:2  | Reached skill level 15 in Dodging
 54889 | Crypt:3  | Entered Level 3 of the Crypt
 54906 | Crypt:3  | Reached skill level 15 in Stealth
 55009 | Crypt:3  | Identified the cursed +2 pair of gloves of Panopticon
                  | {Alch, Elem} (You found it on level 12 of the Dungeon)
 55184 | Crypt:3  | Noticed a bone dragon
 55201 | Crypt:3  | Killed a bone dragon
 55531 | Crypt:3  | Identified the +8 quarterstaff "Anorolox" {flame, Str+6}
 55558 | Crypt:3  | Identified Diuc's Compendium of the Sparrow
 55560 | Crypt:3  | Found a staircase to the Tomb.
 55560 | Crypt:3  | Noticed a dread lich
 55603 | Crypt:3  | Found a basalt altar of Yredelemnul.
 55692 | Crypt:3  | Killed a dread lich
 56636 | Depths:1 | Entered Level 1 of the Depths
 56759 | D:15     | Reached XP level 22. HP: 144/194 MP: 41/48
 56844 | D:15     | Reached skill level 19 in Crossbows
 56986 | Depths:1 | Found a radiant altar of Vehumet.
 57253 | Depths:1 | Found a gateway to Hell.
 57489 | Depths:1 | Found an ornate altar of the Wu Jian Council.
 57508 | Depths:1 | Found a one-way gateway to a ziggurat.
 57622 | Depths:1 | Reached skill level 15 in Fighting
 57622 | Depths:1 | Reached skill level 15 in Short Blades
 57622 | Depths:1 | Reached skill level 15 in Long Blades
 57622 | Depths:1 | Reached skill level 15 in Axes
 57622 | Depths:1 | Reached skill level 15 in Maces & Flails
 57622 | Depths:1 | Reached skill level 15 in Polearms
 57622 | Depths:1 | Reached skill level 15 in Staves
 57622 | Depths:1 | Reached skill level 15 in Slings
 57622 | Depths:1 | Reached skill level 15 in Bows
 57622 | Depths:1 | Reached skill level 15 in Throwing
 57622 | Depths:1 | Reached skill level 15 in Armour
 57622 | Depths:1 | Reached skill level 15 in Shields
 57622 | Depths:1 | Reached skill level 15 in Unarmed Combat
 57622 | Depths:1 | Reached skill level 15 in Evocations
 57623 | Depths:1 | Identified the amulet of Ziacuola {Acrobat Harm}
 58620 | Depths:2 | Identified the +5 long sword "Pufev" {drain, Str+3 Stlth+}
 58790 | Depths:2 | Learned a level 7 spell: Malign Gateway
 59504 | Depths:2 | Found a white marble altar of Elyvilon.
 59714 | Depths:2 | Found a one-way gate leading to the halls of Pandemonium.
 59852 | Depths:3 | Found a magical portal.
 59868 | WizLab   | Entered Tukima's Studio
 59919 | WizLab   | Found the +3 pair of gauntlets of War {Slay+5}
 59925 | WizLab   | Identified the +0 pair of gloves "Utwahapu" {rElec}
 59933 | WizLab   | Reached XP level 23. HP: 141/203 MP: 33/49
 60026 | WizLab   | Noticed wilfster70's illusion
 60323 | WizLab   | Noticed wilfster70's illusion
 60463 | WizLab   | Noticed wilfster70's illusion
 60487 | WizLab   | Killed from afar by a living spell

Illustrated notes

Levels and vault maps discovered:
D:1:      mushboom_english_gardens, layout_loops_ring, serial_aquarium,
          aquarium_bridge_island_small [aquarium_subvault_small_open,
          aquarium_subvault_wall, aquarium_subvault_bridge,
          aquarium_subvault_bridge, aquarium_subvault_wall],
          aquarium_window_fake, aquarium_window_1, aquarium_window_2,
          aquarium_view_2f, aquarium_view_2f, aquarium_pool_2,
          nicolae_ecumenical_lake_church
D:2:      layout_rooms, kennysheep_generic_room_3
D:3:      layout_loops_ring, bloody_makhleb, lemuel_round_altar
D:4:      layout_rooms, mainiacjoe_overflow_surrounded_room, uniq_menkaure,
          uniq_natasha, uniq_grinder, uniq_pikel
D:5:      layout_loops_ring, mainiacjoe_overflow_alcove_1
D:6:      layout_rooms, fedhas_bush_and_centaur_altar, uniq_edmund
D:7:      layout_basic, lemuel_blue_sif_altar, minmay_temple_entry_waves,
          gammafunk_ghost_necromancy
D:8:      layout_basic, marbit_many_paths, kennysheep_mini_moat,
          dpeg_lair_monsters, minmay_misc_feat_rows, uniq_maggie, uniq_psyche
D:9:      layout_roguey, mainiacjoe_overflow_paths, enter_bailey_2
D:10:     minmay_wavy_crystal, layout_basic, serial_corexii_hall,
          chequers_hall_statues_wall_a, corexii_hall_statues_l, uniq_harold
D:11:     layout_basic, serial_shops, nicolae_stop_n_shop_2,
          nicolae_shop_behind_doors, nicolae_concentric_dashed_squares_wild,
          grunt_potential, uniq_maurice, uniq_urug
D:12:     cheibrodos_hippocracy, layout_long_grid,
          kennysheep_orc_monster_closet_entryway, uniq_snorg, uniq_josephine
D:13:     layout_stronghold, ximxim_vaults_locker_room, gauntlet_entry_generic
D:14:     layout_irregular_city, eino_curves_02, lemuel_flame_loot_1
D:15:     hangedman_depths_entry_try_elsewhere_first, layout_stronghold,
          nicolae_qazlal_style_of_elements, uniq_rupert
Lair:1:   layout_chaotic_city, basic_altar, gammafunk_ghost_arena
Lair:2:   layout_loops_ring, nicolae_swamp_entry_splash_gauntlet,
          serial_bayou_shore_a, uniq_erica
Lair:3:   layout_loops_ring, serial_forest, infiniplex_forest_clump_tiny,
          infiniplex_forest_fountain, infiniplex_forest_clump_diagonal,
          infiniplex_forest_clump_tiny, infiniplex_forest_lined_3,
          infiniplex_forest_lined_ring, infiniplex_forest_clump_tiny,
          infiniplex_forest_straight_2, infiniplex_forest_join,
          infiniplex_forest_lined_3, nicolae_quartered_pool_medium,
          minivault_19, st_stairs_7, beast_lair_carwin_8
Lair:4:   layout_layer_cave, spider_nest_entry_a
Lair:5:   layout_gridlike, slime_altar_1, hellmonk_ghost_happy_afterlife,
          minmay_lair_oklob_bushes, grunt_megastairs_5
Lair:6:   wormcave, layout_regular_city, guppyfry_lair_end_dragon,
          serial_bayou_shore_b
Swamp:1:  layout_falls_marsh, evilmike_swamp_ruin_house_1, uniq_roxanne
Swamp:2:  nicolae_swamp_flooded_prison, layout_basic_swamp, serial_swamp_ruin,
          hangedman_swamp_ruin_wall, evilmike_swamp_ruin_house_2,
          evilmike_swamp_ruin_rubble_1
Swamp:3:  layout_basic_swamp, infiniplex_staircase_pool
Swamp:4:  swamp_alternative, layout_basic_swamp, uniq_bai_suzhen, uniq_mlioglotl
Spider:1: layout_spider_delve, nicolae_looking_at_the_future
Spider:2: layout_cave_pods, drop_trap
Spider:3: layout_cave_pods, portal_ice_cave_entry_ice_statue_one,
          guppyfry_hornet_nest
Spider:4: spider_rune_water, nicolae_spider_acid_house
Orc:1:    layout_caves, lemuel_statue_altar, uniq_jorgrun
Orc:2:    st_orc_rangers, layout_caves, library_closet, nicolae_specific_store
Vaults:1: v_rooms_6, vaults_room_semicircle, ontoclasm_vaults_twist, v_misc_16,
          vaults_standard_mumra_lines, nicolae_vaults_diagonal_hallway_9,
          hangedman_vaults_stream, hangedman_vaults_trim,
          hangedman_vaults_snaps, vaults_mumra_bighexcomb,
          vaults_dpeg_encased_lava, vaults_dpeg_diagonal, v_alt_pattern_5,
          vaults_room_large_hall, ontoclasm_vaults_misaligned,
          layout_vaults_big_room
Vaults:2: vaults_room_ringed_pool, v_misc_31, v_misc_23,
          ontoclasm_vaults_loading_screen, dpeg_vaults_monster_box,
          layout_vaults_quadrants, serial_shops, shop, nicolae_shop_waterfront,
          shop, nicolae_shop_crystal
Vaults:3: minmay_crypt_entry_simple_round, v_misc_13, v_pattern_2,
          nicolae_vaults_hallways_thing, vaults_room_semicircle,
          dpeg_vaults_monster_row, ontoclasm_vaults_fault, vaults_room_fours,
          ontoclasm_vaults_eye, hangedman_vaults_capsules,
          ontoclasm_vaults_bender, hangedman_vaults_maws, layout_vaults_ring,
          serial_shops, shop
Vaults:4: nicolae_vaults_puzzle_piece, hangedman_vaults_restitches,
          ontoclasm_vaults_decontamination, nicolae_vaults_little_squares_1,
          v_misc_29, v_misc_33, v_pattern_5, v_misc_25,
          nicolae_vaults_mini_display_case, vaults_dpeg_hooks,
          ontoclasm_vaults_idyll, ontoclasm_vaults_misaligned, serial_ice_g,
          grunt_vaults_hallway_short, vaults_dpeg_ring,
          layout_vaults_maze_snakey
Crypt:1:  layout_rooms, serial_sigils, serial_sigils_hangedman_leer,
          serial_sigils_hangedman_etch, serial_sigils_hangedman_clutch,
          serial_sigils_hangedman_gut, serial_sigils_hangedman_snap,
          serial_sigils_hangedman_confine
Crypt:2:  layout_chaotic_city, amcnicky_mini_rare_corridor_liquid, st_stairs_11,
          minivault_19, nrook_guardian_serpent_ordinary
Crypt:3:  cryptofortress_bobbens
Depths:1: layout_cave_shapes, enter_ziggurat_d, nicolae_wu_jian_wuxing_cycle,
          pf_hell_entry_tar_river, nicolae_vehumet_altar_sigil
Depths:2: minmay_the_grid_square_5x5_4x4_mashed [minmay_the_grid_square_5x5_n,
          minmay_the_grid_square_5x5_inner_z, minmay_the_grid_square_5x5_eight,
          minmay_the_grid_square_5x5_almost_minimal,
          minmay_the_grid_square_5x5_inner_v,
          minmay_the_grid_square_5x5_prize_deathbox,
          minmay_the_grid_square_5x5_prize_junk,
          minmay_the_grid_square_5x5_forky, minmay_the_grid_square_5x5_moneybag,
          minmay_the_grid_square_5x5_prize_rear_guard,
          minmay_the_grid_square_5x5_prize_monsterx,
          minmay_the_grid_square_5x5_three_walls,
          minmay_the_grid_square_5x5_two_small,
          minmay_the_grid_square_5x5_lines, minmay_the_grid_square_5x5_six,
          minmay_the_grid_square_5x5_two_walls_a], layout_cave_shapes,
          hell_entry, elyvilon_altar_3, rand_demon_pan_entry_9,
          minmay_staircase_statues_hall_large, firewood_loft
Depths:3: hangedman_stitches_corridor, layout_cave_shapes,
          rand_demon_pan_entry_3, mu_enter_wizlab_4, serial_shops,
          nicolae_shop_hallway_stairs, abyss_entry_glasseish, pf_coc_iceberg,
          minmay_misc_feat_five, hangedman_decor_push, minmay_holes,
          uniq_margery
WizLab:   wizlab_tukima

Skill      XL: |  1  2  3  4  5  6  7  8  9 10 11 12 13 14 15 16 17 18 19 20 21 22 23 |
---------------+----------------------------------------------------------------------+-----
Spellcasting   | 5 6 7 8 9 10 11 12 13 14 15 16 | 16.4
Invocations    | 1 2 3 4 5 6 7 8 9 10 11 12 13 14 15 16 | 16.7
Fighting       | 1 2 3 4 5 6 7 8 9 10 11 12 13 14 15 | 15.4
Short Blades   | 1 2 3 4 5 6 7 8 9 10 11 12 13 14 15 | 15.4
Long Blades    | 1 2 3 4 5 6 7 8 9 10 11 12 13 14 15 | 15.4
Axes           | 1 2 3 4 5 6 7 8 9 10 11 12 13 14 15 | 15.4
Maces & Flails | 1 2 3 4 5 6 7 8 9 10 11 12 13 14 15 | 15.4
Polearms       | 1 2 3 4 5 6 7 8 9 10 11 12 13 14 15 | 15.4
Staves         | 1 2 3 4 5 6 7 8 9 10 11 12 13 14 15 | 15.4
Slings         | 1 2 3 4 5 6 7 8 9 10 11 12 13 14 15 | 15.4
Bows           | 1 2 3 4 5 6 7 8 9 10 11 12 13 14 15 | 15.4
Crossbows      | 1 2 3 4 5 6 7 9 11 12 13 14 15 16 17 18 19 | 19.9
Throwing       | 1 2 3 4 5 6 7 8 9 10 11 12 13 14 15 | 15.4
Armour         | 1 2 3 4 5 6 7 8 9 10 11 12 13 14 15 | 15.4
Shields        | 1 2 3 4 5 6 7 8 9 10 11 12 13 14 15 | 15.4
Unarmed Combat | 1 2 3 4 5 6 7 8 9 10 11 12 13 14 15 | 15.4
Evocations     | 1 2 3 4 5 6 7 8 9 10 11 12 13 14 15 | 15.4
Conjurations   | 1 2 3 4 5 6 7 8 9 10 11 12 13 | 13.1
Hexes          | 1 2 3 4 5 6 7 8 9 10 11 12 13 | 13.1
Necromancy     | 1 2 3 4 5 6 7 8 9 10 11 12 13 | 13.1
Translocations | 1 2 3 4 5 6 7 8 9 10 11 12 13 | 13.1
Transmutations | 1 2 3 4 5 6 7 8 9 10 11 12 13 | 13.1
Fire Magic     | 1 2 3 4 5 6 7 8 9 10 11 12 13 | 13.1
Ice Magic      | 1 2 3 4 5 6 7 8 9 10 11 12 13 | 13.1
Air Magic      | 1 2 3 4 5 6 7 8 9 10 11 12 13 | 13.1
Earth Magic    | 1 2 3 4 5 6 7 8 9 10 11 12 13 | 13.1
Poison Magic   | 1 2 3 4 5 6 7 8 9 10 11 12 13 | 13.1
Dodging        | 5 6 7 8 9 10 11 12 13 14 15 16 | 16.0
Stealth        | 5 6 7 8 9 10 11 12 13 14 15 16 | 16.0
Summonings     | 8 9 10 11 12 13 14 | 14.8

Action                   |  1- 3 |  4- 6 |  7- 9 | 10-12 | 13-15 | 16-18 | 19-21 | 22-24 || total
-------------------------+-------+-------+-------+-------+-------+-------+-------+-------++-------
Melee: Unarmed           |     4 |       |       |       |   487 |   108 |   108 |    88 ||   795
       Dagger            |       |       |     4 |   193 |       |       |       |       ||   197
       Bite              |       |       |       |    15 |    24 |    54 |    56 |    33 ||   182
       Punch             |       |       |       |     3 |    14 |     1 |     3 |     2 ||    23
       Demon trident     |       |       |       |    10 |   499 |   938 |   883 |   393 ||  2723
 Fire: Hunting sling     |     1 |    52 |    44 |       |       |       |       |       ||    97
Throw: Javelin           |       |       |       |       |       |     1 |       |       ||     1
 Cast: Summon Small Mamm |    12 |     1 |       |       |       |       |       |       ||    13
       Call Imp          |    13 |     7 |     8 |       |       |       |       |       ||    28
       Call Canine Famil |     3 |    20 |    47 |    27 |    26 |     4 |       |       ||   127
       Summon Guardian G |       |     5 |    15 |    33 |     7 |       |       |       ||    60
       Summon Lightning  |       |       |    16 |    84 |    67 |    81 |     1 |       ||   249
       Blink             |       |       |       |    10 |       |       |       |       ||    10
       Manifold Assault  |       |       |       |    18 |   125 |    79 |    46 |    12 ||   280
       Storm Form        |       |       |       |       |    30 |    11 |     8 |     5 ||    54
       Statue Form       |       |       |       |       |       |    44 |    12 |     5 ||    61
       Summon Horrible T |       |       |       |       |       |    48 |   109 |    55 ||   212
       Summon Hydra      |       |       |       |       |       |    18 |    35 |    14 ||    67
       Summon Mana Viper |       |       |       |       |       |       |     2 |     2 ||     4
       Malign Gateway    |       |       |       |       |       |       |       |     5 ||     5
Invok: Curse Item        |       |       |     2 |     5 |     4 |     2 |     3 |       ||    16
       Shatter the Chain |       |       |       |     1 |     2 |       |     4 |       ||     7
 Abil: Blinkbolt         |       |       |       |       |       |       |       |     4 ||     4
Evoke: Tin of tremorston |       |       |       |     1 |       |       |       |       ||     1
       Condenser vane    |       |       |       |       |       |     1 |     1 |       ||     2
       Phantom mirror    |       |       |       |       |       |     1 |       |       ||     1
  Use: Scroll            |       |     3 |     9 |     5 |     5 |     8 |     9 |     3 ||    42
       Potion            |       |       |       |     1 |       |     4 |     1 |     3 ||     9
 Stab: Distracted        |       |       |       |     3 |    22 |    19 |    28 |    13 ||    85
       Sleeping          |       |       |       |     2 |    14 |     5 |    10 |     2 ||    33
       Invisible         |       |       |       |     1 |       |       |       |       ||     1
       Betrayed ally     |       |       |       |     1 |       |       |       |       ||     1
Armor: Robe              |    12 |    27 |    45 |    57 |   101 |    64 |    61 |    61 ||   428
       Skin              |       |       |       |       |    67 |   689 |    85 |    99 ||   940
Dodge: Dodged            |    19 |    48 |    91 |   143 |   555 |  1197 |   291 |   246 ||  2590
Block: Kite shield       |       |       |       |       |     8 |   769 |   360 |   248 ||  1385
       Reflection        |       |       |       |       |       |       |    33 |     9 ||    42
       Other             |       |       |       |       |       |       |    11 |     7 ||    18

Table legend: (Time is in decaauts)
 A = Elapsed time spent in this place.
 B = Non-inter-level travel time spent in this place.
 C = Inter-level travel time spent in this place.
 D = Time resting spent in this place.
 E = Time spent auto-exploring this place.
 F = Levels seen in this place.
 G = Mean time per level.
                   A        B        C        D        E       F      G
               +--------+--------+--------+--------+--------+-----+--------+
         Total |  61585 |  57751 |   3834 |  17446 |  18132 |  45 | 1368.6 |
       Dungeon |  21648 |  19828 |   1820 |   5275 |   7840 |  15 | 1443.2 |
          Lair |   8236 |   7603 |    633 |   2112 |   3179 |   6 | 1372.7 |
         Swamp |   4856 |   4658 |    198 |   1558 |    563 |   4 | 1214.0 |
   Spider Nest |   8171 |   7829 |    342 |   3492 |   1753 |   4 | 2042.8 |
  Orcish Mines |   1644 |   1585 |     59 |    338 |    596 |   2 |  822.0 |
        Vaults |   7897 |   7322 |    575 |   1678 |   2910 |   4 | 1974.2 |
         Crypt |   3242 |   3103 |    139 |    445 |    745 |   3 | 1080.7 |
        Depths |   2915 |   2850 |     65 |    953 |    463 |   3 |  971.7 |
        Bailey |    600 |    600 |      0 |    176 |     24 |   1 |  600.0 |
      Ice Cave |   1331 |   1331 |      0 |    877 |     56 |   1 | 1331.0 |
        Wizlab |    589 |    589 |      0 |    250 |      0 |   1 |  589.0 |
      Gauntlet |    451 |    451 |      0 |    291 |      0 |   1 |  451.0 |
               +--------+--------+--------+--------+--------+-----+--------+

Top non-repeatable levels by time:
Spider:3: 4112 daAuts
    D:12: 2538 daAuts
    D:11: 2481 daAuts
  Lair:4: 2419 daAuts
Vaults:1: 2276 daAuts
Vaults:3: 2051 daAuts
Vaults:2: 1888 daAuts
     D:8: 1691 daAuts
     D:7: 1690 daAuts
Vaults:4: 1681 daAuts
  Lair:2: 1641 daAuts
Spider:4: 1640 daAuts
Depths:2: 1593 daAuts
  Lair:6: 1586 daAuts
     D:3: 1531 daAuts
